Map: Rainfall LE

Players

Zeyron

  • Race: Zerg Zerg

VOD

Have the link to the VOD?

Description

Time

  • Played on: Sept. 29, 2026, 12:26 p.m.
  • Length: 8:19
Show
View Real Time Build Order
Export as new Build Order

Zeyron Zerg 

Build Orders: Hatch First 

Get SALT Encoding   

  8  0:00  Lair, Drone x8, Overlord  
  8  0:06  Drone  
  9  0:16  Drone  
  10  0:22  Drone  
  10  0:27  Drone  
  12  0:37  Extractor, Drone  
  13  0:44  Overlord  
  13  1:03  Drone x2  
  15  1:19  Hatchery  
  15  1:23  Drone  
  15  1:27  Drone  
  16  1:44  Spawning Pool  
  16  1:47  Drone  
  16  2:00  Drone, Extractor  
  16  2:01  Drone x2  
  18  2:11  Drone  
  19  2:21  Overlord  
  19  2:34  Queen x2  
  23  2:41  Zergling x4  
  25  2:47  Drone  
  25  2:48  Drone  
  27  2:54  Drone x2  
  29  3:02  Metabolic Boost  
  29  3:10  Drone x2  
  31  3:18  Drone  
  32  3:30  Overlord  
  32  3:37  Hatchery  
  32  3:39  Drone  
  32  3:49  Drone x7  
  39  4:00  Overlord  
  39  4:03  Overlord  
  39  4:07  Drone  
  40  4:18  Queen, Extractor, Drone  
  40  4:19  Drone x2  
  44  4:26  Drone x3  
  47  4:50  Drone x7  
  54  5:00  Baneling Nest  
  53  5:08  Zergling x8  
  53  5:13  Queen  
  59  5:16  Drone  
  59  5:17  Overlord x4  
  59  5:18  Overlord x3  
  60  5:34  Queen  
  62  5:43  Drone x8  
  62  5:44  Drone x2  
  72  5:58  Lair  
  72  6:02  Evolution Chamber  
  72  6:03  Evolution Chamber  
  70  6:21  Zergling x24  
  82  6:56  Centrifugal Hooks  
  82  6:57  Overlord x6  
  82  6:58  Overlord x3  
  82  7:00  Zergling x14  
  89  7:03  Baneling x5  
  89  7:04  Baneling x4  
  89  7:05  Baneling x4  
  89  7:15  Hatchery  
  88  7:16  Hatchery  
  88  7:19  Drone x11  
  98  7:30  Zergling x12  
  98  7:35  Hatchery  
  103  7:42  Hatchery  
  103  7:44  Zergling x8  
  106  7:57  Zergling x6  
Tags
 
Add a new tag
Caveats
  • Supply blocks, unpowered buildings, or Contaminate may cause inaccurate times.
  • Supply counts are checked every 10 seconds.